 Dungeon Crawl Stone Soup version 0.19-a0-1815-g4007336 (webtiles) character file.

12 Amnesiac the Magician (level 2, -5/19 HPs)
             Began as a Mummy Wizard on Oct 5, 2016.
             Killed from afar by an orc wizard (10 damage)
             ... with a magic dart
             ... on level 4 of the Dungeon.
             The game lasted 00:01:17 (572 turns).

Amnesiac the Magician (Mummy Wizard)                 Turns: 572, Time: 00:01:18

Health: -5/19      AC:  2    Str: 10    XL:     2   Next: 20%
Magic:  2/6        EV: 12    Int: 17    God:
Gold:   27         SH:  0    Dex: 10    Spells: 3 memorised, 3 levels left

rFire  x . .     SeeInvis .     (no weapon)
rCold  + . .     Gourm    .     a - +0 robe
rNeg   + + +     Faith    .     (no shield)
rPois  ∞         Spirit   .     b - +0 hat
rElec  .         Dismiss  .     (no cloak)
rCorr  .         Reflect  .     (no gloves)
MR     .....     Harm     .     (no boots)
Stlth  ++........               (no amulet)
                                (no ring)
                                (no ring)

@: slowed, repel missiles, very slow
A: no food or potions, fire vulnerability, cold resistance 1, negative energy
resistance 3, torment resistance, unbreathing
a: no special abilities


You were on level 4 of the Dungeon.
You were not hungry.

You visited 1 branch of the dungeon, and saw 4 of its levels.

You collected 27 gold pieces.

Inventory:

Armour
 a - a +0 robe (worn)
 b - a +0 hat (worn)
Scrolls
 d - a scroll of amnesia {unknown}
 e - a scroll of recharging {unknown}
Books
 c - a book of Minor Magic

   Spells                             Type                      Level
   a - Magic Dart                     Conjuration                  1
   b - Blink                          Translocation                2
   c - Call Imp                       Summoning                    2
   d - Repel Missiles                 Charms/Air                   2
   e - Slow                           Hexes                        2
   f - Conjure Flame                  Conjuration/Fire             3
   g - Mephitic Cloud                 Conjuration/Poison/Air       3


   Skills:
 - Level 1.5 Dodging
 - Level 1.5 Stealth
 + Level 3.5 Spellcasting
 - Level 1.0 Conjurations
 - Level 0.7 Summonings
   Level 0.7 Translocations


You had 3 spell levels left.
You knew the following spells:

 Your Spells              Type           Power        Failure   Level  Hunger
a - Repel Missiles        Chrm/Air       #.....       30%         2    N/A
d - Call Imp              Summ           #.......     21%         2    N/A
f - Magic Dart            Conj           #...         14%         1    N/A

Dungeon Overview and Level Annotations

Branches:
Dungeon (4/15)
 Temple: D:4-7

Altars:

Annotations:
D:4 Eustachio


Innate Abilities, Weirdness & Mutations

You do not eat or drink.
Your flesh is vulnerable to fire.
You are immune to poison.
Your flesh is cold resistant. (rC+)
You are immune to negative energy. (rN+++)
You are immune to unholy pain and torment.
You can survive without breathing.


Message History

The magic dart hits your white imp.
Your white imp dies!
Your crimson imp hits the orc but does no damage.
The orc wizard gestures wildly while chanting.
The orc misses your crimson imp.
Your crimson imp hits the orc but does no damage.
The orc hits your crimson imp with a hand axe.
Your crimson imp barely misses the orc.
The orc wizard hits your crimson imp but does no damage.
The orc closely misses your crimson imp.
The orc wizard hits your crimson imp but does no damage.
Your crimson imp hits the orc wizard.
The orc hits your crimson imp with a hand axe.
The orc wizard gestures wildly while chanting.
The orc wizard blinks!
Your crimson imp blinks!
The orc wizard casts a spell at your crimson imp.
The magic dart hits you!
Ouch! That really hurt!
You die...

###########
#o5o.5o.ro#
#######.#######o#
#.......# #o#
oo#####.#
#5#########
.o.#####.#
#.§.......#
...o...o5#
#@###.###.#
S..#####.# #.# #
#.#######.#
#.r...5.o.#
#########o#######
#.<.....#
#.#####.# #.. ###


You could see an orc wizard, a river rat, 4 orcs and a friendly crimson imp.

Vanquished Creatures
  A dart slug (D:2)
  An orc (D:3)
  A jackal (D:4)
  A kobold (D:3)
  4 bats
  A frilled lizard (D:2)
9 creatures vanquished.

Notes
Turn   | Place    | Note
-------+----------+-------------------------------------------
     0 | D:1      | Amnesiac the Mummy Wizard began the quest for the Orb.
     0 | D:1      | Reached XP level 1. HP: 13/13 MP: 4/4
    44 | D:2      | Reached skill level 1 in Conjurations
   252 | D:2      | You fall through a shaft!
   300 | D:3      | Reached XP level 2. HP: 19/19 MP: 1/6
   304 | D:3      | Learned a level 2 spell: Call Imp
   362 | D:3      | Learned a level 2 spell: Repel Missiles
   531 | D:4      | Noticed Eustachio
   572 | D:4      | Killed from afar by an orc wizard

Vault maps used:
D:1:      eino_arrival_tree_alley, minmay_misc_feat_room, minmay_pentomino_u2
D:2:      minmay_misc_feat_more_columns
D:3:      lemuel_castle_with_subvaults, first_bread,
          nicolae_ashenzari_panopticon
D:4:      uniq_eustachio

Skill      XL: |  1 |
---------------+----+-----
Conjurations   | 1 |  1.0
Dodging        | |  1.5
Stealth        | |  1.5
Spellcasting   | |  3.5
Summonings     | |  0.7
Translocations | |  0.7

Action                   || total
-------------------------++-------
Melee: Unarmed           ||     6
 Cast: Magic Dart        ||    26
       Call Imp          ||     4
       Repel Missiles    ||     1
Armor: Robe              ||     3
Dodge: Dodged            ||    16
